Map: Galactic Process LE

Players

NET - Winner!

  • Race: Protoss Protoss
  • League: Diamond

Trizztein

  • Race: Terran Terran
  • League: Diamond

VOD

Have the link to the VOD?

Description

Time

  • Played on: Oct. 20, 2016, 4:28 a.m.
  • Length: 20:35
Show
View Real Time Build Order
Export as new Build Order

NET Protoss - Winner!

Build Orders: 1 Gate Expand 

Get SALT Encoding   

  12  0:01  Probe (Chrono Boost)  
  13  0:11  Probe (Chrono Boost)  
  14  0:18  Pylon  
  14  0:22  Probe (Chrono Boost)  
  15  0:36  Probe (Chrono Boost)  
  15  0:38  Gateway  
  15  0:42  Assimilator  
  16  0:47  Probe (Chrono Boost)  
  17  0:58  Probe (Chrono Boost)  
  18  1:10  Probe (Chrono Boost)  
  19  1:21  Nexus, Unknown  
  19  1:34  Probe (Chrono Boost), Cybernetics Core  
  19  1:39  Assimilator  
  20  1:45  Probe (Chrono Boost)  
  21  1:50  Pylon  
  21  1:55  Probe (Chrono Boost)  
  22  2:07  Adept  
  22  2:11  Warp Gate  
  26  2:19  Mothership Core (Chrono Boost)  
  26  2:30  Pylon  
  26  2:32  Unknown  
  26  2:36  Probe (Chrono Boost)  
  28  2:37  Robotics Facility  
  28  2:38  Probe (Chrono Boost)  
  28  2:47  Probe (Chrono Boost)  
  28  2:50  Probe (Chrono Boost)  
  30  2:58  Probe (Chrono Boost), Stalker  
  31  3:01  Probe (Chrono Boost)  
  34  3:08  Probe (Chrono Boost)  
  34  3:11  Probe (Chrono Boost)  
  36  3:19  Probe (Chrono Boost)  
  37  3:20  Gateway  
  37  3:25  Observer  
  38  3:30  Gateway  
  38  3:32  Twilight Council  
  38  3:35  Probe (Chrono Boost)  
  38  3:36  Probe (Chrono Boost)  
  40  3:46  Probe x2 (Chrono Boost)  
  42  3:57  Probe x2 (Chrono Boost)  
  42  3:58  Warp Prism  
  44  4:04  Resonating Glaives  
  44  4:07  Probe (Chrono Boost)  
  44  4:08  Gateway x2  
  44  4:09  Probe (Chrono Boost)  
  48  4:20  Probe (Chrono Boost)  
  48  4:21  Assimilator  
  48  4:22  Probe (Chrono Boost)  
  50  4:27  Adept x2  
  54  4:39  Pylon  
  54  4:42  Assimilator, Pylon  
  54  4:53  Pylon  
  54  4:57  Probe (Chrono Boost)  
  54  4:59  Probe (Chrono Boost)  
  54  5:13  Probe (Chrono Boost)  
  56  5:14  Adept x2, Probe (Chrono Boost)  
  60  5:23  Probe (Chrono Boost)  
  60  5:26  Probe (Chrono Boost)  
  62  5:34  Probe (Chrono Boost)  
  63  5:36  Adept  
  63  5:37  Adept x3  
  63  5:38  Probe (Chrono Boost), Sentry  
  74  5:44  Probe (Chrono Boost)  
  74  5:45  Nexus, Unknown  
  74  5:47  Pylon  
  76  5:51  Probe (Chrono Boost)  
  76  5:55  Probe (Chrono Boost)  
  77  6:03  Probe (Chrono Boost), Immortal  
  78  6:09  Blink  
  82  6:15  Adept  
  82  6:16  Adept  
  85  6:24  Probe (Chrono Boost)  
  86  6:36  Pylon  
  86  6:37  Pylon  
  86  6:52  Pylon  
  86  6:53  Pylon  
  86  6:54  Probe (Chrono Boost), Pylon, Observer  
  86  6:56  Probe (Chrono Boost), Unknown, Pylon  
  89  7:02  Forge  
  89  7:04  Probe (Chrono Boost)  
  89  7:05  Probe (Chrono Boost)  
  89  7:06  Probe (Chrono Boost), Forge  
  92  7:14  Probe (Chrono Boost)  
  94  7:15  Probe (Chrono Boost)  
  94  7:16  Stalker x5  
  94  7:17  Probe (Chrono Boost)  
  94  7:21  Observer  
  106  7:22  Protoss Ground Weapons Level 1  
  106  7:24  Assimilator  
  106  7:25  Probe (Chrono Boost)  
  106  7:26  Probe (Chrono Boost)  
  106  7:28  Probe (Chrono Boost)  
  109  7:30  Assimilator  
  109  7:31  Protoss Ground Armor Level 1  
  109  7:32  Templar Archives  
  109  7:35  Probe (Chrono Boost)  
  111  7:37  Probe (Chrono Boost)  
  111  7:43  Adept x2  
  111  7:44  Adept x2  
  119  7:50  Sentry  
  111  8:04  Adept x4, Pylon  
  119  8:05  Pylon  
  119  8:07  Charge  
  119  8:08  Photon Cannon  
  117  8:20  Warp Prism  
  121  8:28  Probe x2 (Chrono Boost)  
  121  8:29  Adept x5  
  127  8:52  High Templar x5  
  137  8:59  Archon x2, Gateway  
  137  9:05  Nexus, Unknown  
  137  9:08  Pylon  
  137  9:10  Photon Cannon  
  137  9:13  Photon Cannon  
  137  9:32  High Templar  
  139  9:39  Adept x4  
  147  10:00  Stalker x3  
  147  10:01  Stalker  
  155  10:12  Photon Cannon  
  155  10:16  Unknown  
  155  10:18  Photon Cannon, Psionic Storm  
  155  10:20  Assimilator  
  155  10:22  Protoss Ground Armor Level 2, Protoss Ground Weapons Level 2  
  155  10:23  Assimilator  
  155  10:25  Dark Shrine, Pylon  
  155  10:33  Gateway  
  155  10:36  Gateway  
  155  10:37  High Templar x5  
  165  10:48  Archon  
  165  10:49  Archon  
  161  10:50  Gateway x2  
  161  10:52  Gateway  
  161  10:54  High Templar  
  161  10:55  Gateway  
  161  10:56  Warp Prism  
  161  10:58  Archon, Gateway  
  161  11:01  Gateway  
  161  11:03  Gateway  
  163  11:10  Stargate  
  163  11:15  Zealot x2  
  163  11:16  Zealot x3  
  173  11:30  Observer  
  174  11:34  Robotics Facility  
  174  11:37  Robotics Bay  
  174  11:39  Gateway  
  174  11:42  Gateway  
  174  11:45  Photon Cannon  
  174  11:51  Pylon  
  174  12:06  High Templar x4  
  182  12:14  Zealot x5  
  182  12:15  Zealot x2  
  196  12:36  Stalker x4  
  200  12:45  Protoss Ground Weapons Level 3  
  198  13:18  Fleet Beacon  
  198  13:28  Stargate  
  198  13:29  Nexus, Unknown  
  198  13:31  Pylon  
  198  13:34  Pylon  
  198  13:40  High Templar  
  192  14:22  Dark Templar x3  
  192  14:25  Dark Templar x2  
  192  14:27  Dark Templar  
  191  14:34  Dark Templar  
  191  14:35  Dark Templar  
  159  14:40  Unknown  
  159  14:42  Stalker x6  
  149  15:02  Probe (Chrono Boost)  
  150  15:26  Zealot  
  150  15:27  Zealot x4  
  150  15:28  Zealot x5  
  166  15:33  Tempest  
  166  15:34  Archon  
  164  15:47  High Templar x8  
  164  15:48  High Templar  
  180  16:06  Archon x2  
  180  16:07  Archon  
  180  16:10  High Templar x3  
  186  16:15  Probe (Chrono Boost)  
  186  16:16  Probe (Chrono Boost), Assimilator  
  188  16:20  Assimilator  
  188  16:23  Photon Cannon  
  188  16:24  Photon Cannon  
  188  16:25  Protoss Shields Level 1, Tempest  
  192  16:26  Photon Cannon  
  192  16:27  Tempest  
  192  16:28  Photon Cannon  
  192  16:30  Gateway  
  192  16:32  Photon Cannon, Gateway  
  196  16:35  Photon Cannon  
  196  16:43  Stargate  
  196  16:48  Zealot x2  
  194  17:36  Oracle  
  195  17:49  Dark Templar x2  
  199  17:55  Archon  
  199  18:04  Protoss Shields Level 2  
  195  18:11  Stalker x3  
  195  18:12  Stalker x3  
  177  18:16  Warp Prism  
  177  18:21  Warp Prism  
  177  18:26  Stalker x2  
  177  18:27  Stalker x7  
  199  18:44  Pylon  
  199  18:46  Pylon  
  199  18:49  Pylon  
  199  18:50  Observer  
  199  18:54  Pylon  
  196  19:26  Oracle  
  195  19:34  Zealot  
  195  19:35  Zealot x2  
  172  20:12  Dark Templar x2  
  172  20:13  Dark Templar x4  
Show
View Real Time Build Order
Export as new Build Order

Trizztein Terran 

Build Orders: MMM Bio 

Get SALT Encoding   

  12  0:00  SCV  
  13  0:13  SCV  
  14  0:18  Supply Depot  
  14  0:25  SCV  
  15  0:40  SCV  
  16  0:42  Barracks  
  16  0:46  Refinery  
  16  0:52  SCV  
  17  1:02  Supply Depot  
  18  1:04  SCV  
  18  1:16  SCV  
  20  1:35  Marine  
  20  1:36  Command Center, Unknown  
  20  1:42  Orbital Command  
  20  1:53  Marine  
  21  1:55  Barracks  
  21  2:01  Refinery  
  21  2:09  SCV  
  21  2:11  Marine  
  23  2:20  Barracks  
  23  2:21  SCV  
  24  2:29  Marine  
  25  2:33  SCV  
  26  2:45  Barracks Tech Lab, SCV  
  26  2:47  Unknown, Marine  
  26  2:48  Orbital Command  
  28  2:56  Refinery  
  28  3:04  Marine  
  29  3:06  Marauder  
  29  3:07  Marine  
  29  3:10  Orbital Command  
  32  3:22  SCV  
  32  3:25  Marine  
  32  3:26  Barracks Reactor  
  34  3:27  Marauder  
  36  3:34  SCV  
  36  3:36  SCV  
  38  3:42  Supply Depot, Refinery  
  38  3:43  Marine  
  38  3:47  SCV  
  38  3:48  Stimpack, Marine  
  41  4:01  Marine  
  42  4:03  Marine x2  
  42  4:06  Marine  
  42  4:08  Factory, Supply Depot  
  45  4:12  SCV  
  45  4:13  SCV  
  47  4:19  Marine  
  47  4:21  Marine x2  
  47  4:24  SCV, Marine  
  52  4:31  SCV  
  52  4:32  Supply Depot  
  52  4:36  SCV  
  52  4:37  Engineering Bay  
  54  4:43  Marine x2  
  54  4:44  SCV  
  57  4:49  SCV  
  58  4:55  Supply Depot  
  58  4:56  SCV  
  58  4:59  Factory Tech Lab  
  59  5:00  Factory Reactor  
  59  5:01  SCV  
  59  5:03  Starport  
  59  5:04  Marine x2  
  60  5:10  SCV, Bunker  
  60  5:12  Marine x2  
  60  5:21  SCV  
  61  5:22  SCV  
  61  5:27  Marine x2  
  61  5:28  Refinery  
  64  5:32  Supply Depot  
  64  5:33  SCV  
  65  5:38  Missile Turret  
  65  5:46  SCV, Marine x2  
  68  5:56  Factory Reactor, Combat Shields  
  68  5:59  Barracks Tech Lab  
  68  6:00  Marauder, SCV  
  68  6:03  Marine x2  
  73  6:07  SCV  
  74  6:22  Command Center, Unknown  
  74  6:23  Marine x4  
  74  6:24  Medivac x2  
  82  6:29  Terran Infantry Weapons Level 1  
  82  6:33  Supply Depot  
  82  6:39  Supply Depot  
  76  6:41  Marine x2  
  76  6:45  SCV  
  79  6:57  Missile Turret, SCV x2  
  79  6:58  Marine x2  
  83  7:03  Barracks  
  83  7:06  Medivac, Barracks  
  85  7:09  SCV x2  
  85  7:13  Marine x2  
  89  7:25  Bunker  
  89  7:26  Liberator  
  89  7:32  SCV x2  
  89  7:36  Marauder x2, Marine x2  
  100  7:44  SCV x2  
  100  7:45  Starport  
  100  7:49  Medivac, Unknown  
  104  7:53  Marine x2  
  104  7:54  Marine x2  
  107  8:06  Marine x2  
  110  8:15  Marine x2  
  110  8:18  Barracks Tech Lab, Barracks Reactor  
  110  8:21  SCV x2, Armory, Engineering Bay  
  110  8:23  Marine x2  
  110  8:25  Supply Depot  
  110  8:26  Supply Depot  
  114  8:33  SCV  
  106  8:39  Marine x3  
  99  8:41  Marine x2  
  101  8:55  Marine x2  
  103  8:56  Starport Reactor  
  103  8:57  Marine x3  
  103  8:58  Widow Mine x2  
  103  8:59  Marine x2  
  112  9:03  SCV x2  
  114  9:10  Supply Depot  
  114  9:11  Supply Depot  
  114  9:13  Marine x2  
  114  9:14  Marine x2  
  118  9:17  Marine x3  
  118  9:31  Marine x2  
  119  9:32  Marine x2  
  119  9:35  Marine x2  
  119  9:36  Refinery  
  119  9:38  Orbital Command  
  124  9:39  Marine, Refinery  
  125  9:48  Marine  
  125  9:49  Marine  
  125  9:51  Marine x2  
  129  9:52  Marine x2  
  129  9:56  Liberator x2  
  125  10:00  Marine  
  125  10:05  SCV x2  
  125  10:06  Marine  
  125  10:07  Marine  
  125  10:10  Marine  
  125  10:11  Marine  
  125  10:13  Viking x2  
  138  10:15  Supply Depot  
  138  10:16  Supply Depot  
  138  10:17  Supply Depot  
  138  10:21  Sensor Tower, Marine x2  
  140  10:32  Marine x5  
  145  10:36  Widow Mine x2  
  145  10:38  Marine  
  145  10:39  Marauder  
  152  10:43  Liberator x2  
  152  10:44  Fusion Core  
  150  10:51  Marauder  
  152  10:58  Marine x2  
  152  10:59  Marine x2  
  152  11:01  Medivac x2  
  166  11:04  Terran Infantry Weapons Level 2  
  166  11:05  Terran Infantry Armor Level 1  
  166  11:07  Terran Ship Weapons Level 1  
  166  11:09  Marine  
  166  11:10  Marauder, SCV  
  170  11:11  Marine  
  170  11:12  Supply Depot  
  170  11:14  Supply Depot  
  170  11:28  Bunker  
  170  11:35  Medivac  
  170  11:36  Medivac, Liberator x2  
  174  11:50  Liberator  
  180  11:57  Marine x2  
  180  11:58  Missile Turret, Bunker  
  180  12:00  Marine x4  
  180  12:01  Marauder  
  187  12:09  Ghost Academy  
  187  12:13  Starport  
  187  12:18  Marauder, Marine x4  
  186  12:38  Marine x3  
  186  12:39  Marine x3  
  186  12:43  SCV x2  
  186  12:44  SCV  
  192  12:49  Starport Tech Lab  
  192  12:50  Supply Depot  
  191  12:55  SCV x2  
  191  12:56  SCV  
  194  13:07  SCV  
  194  13:10  Marauder  
  194  13:12  Marauder, Marine  
  200  13:24  Advanced Ballistics  
  200  13:33  Marine x2  
  200  14:14  Marine  
  164  14:37  Terran Infantry Weapons Level 3, Terran Infantry Armor Level 2  
  126  14:39  Liberator  
  126  14:40  Marine x6, Liberator  
  126  14:41  Marine, Liberator  
  97  14:58  Marine x3  
  97  14:59  Marauder x3  
  115  15:06  Marine  
  114  15:15  Marine  
  114  15:16  Marine x2  
  114  15:19  Marine, Refinery  
  114  15:20  Orbital Command  
  115  15:22  Marine x2  
  115  15:23  Marine  
  117  15:33  Marine x3  
  116  15:39  Liberator x2  
  109  15:47  Marine x3  
  109  15:48  Concussive Shells  
  114  15:50  Marauder  
  114  15:51  Orbital Command  
  114  15:56  Medivac x2  
  114  15:57  Medivac  
  119  16:17  SCV  
  119  16:18  SCV  
  121  16:20  Marine  
  121  16:21  Marine x3  
  125  16:27  Marauder x2, Marine  
  125  16:29  SCV  
  125  16:31  Liberator x2  
  131  16:38  Marine x3  
  134  16:42  Refinery  
  134  16:43  Marine  
  134  16:44  Refinery  
  134  16:45  Marine  
  136  16:47  Widow Mine x2  
  136  16:48  Marine x2  
  136  16:49  Medivac x2  
  152  17:00  Terran Infantry Armor Level 3  
  152  17:01  Terran Ship Weapons Level 2  
  152  17:03  Marauder, Marine x2  
  152  17:05  Ghost  
  152  17:06  Ghost  
  158  17:09  Missile Turret  
  158  17:11  Orbital Command  
  158  17:13  SCV  
  150  17:34  Ghost x2  
  150  17:35  Marine x4  
  130  18:17  Ghost x2, Marine  
  130  18:18  Marauder, Marine x3  
  113  18:35  Marine x2  
  113  18:36  Marine x2  
  113  18:39  Marine  
  118  18:46  Marine x2  
  118  18:52  Marine  
  118  18:53  Marine x3  
  117  18:56  Marine  
  117  18:57  Barracks  
  117  18:59  Barracks  
  117  19:01  Barracks  
  114  19:04  Marine x2  
  113  19:10  Marine  
  113  19:11  Marine x3  
  113  19:14  Marine  
  115  19:21  Marine  
  112  19:26  SCV x2  
  112  19:27  SCV  
  106  19:31  Marine x3  
  106  19:32  Marine x3  
  109  19:38  SCV  
  109  19:39  SCV x2, Marine  
  108  19:49  Marine x3  
  103  19:56  Marine x5  
  103  19:57  Marine  
  96  20:07  Marine x3  
  96  20:14  Marine x3  
  98  20:26  Missile Turret  
Tags
 
Add a new tag
Caveats
  • Supply blocks, unpowered buildings, or Contaminate may cause inaccurate times.
  • Supply counts are checked every 10 seconds.